 Dungeon Crawl Stone Soup version 0.28-a0-628-g3c9886e45e (webtiles) character file.

Game seed: 8217779374740408030

386 being54 the Cudgeller (level 6, 0/37 HPs)
             Began as a Gargoyle Gladiator on Oct 8, 2021.
             Was an Initiate of Hepliaklqana.
             Killed from afar by a dart slug (2 damage)
             ... with a slug dart
             ... on level 4 of the Dungeon.
             The game lasted 00:07:12 (4625 turns).

being54 the Cudgeller (Gargoyle Gladiator)          Turns: 4625, Time: 00:07:12

Health: 0/37       AC: 17    Str: 20    XL:     6   Next: 78%
Magic:  6/6        EV:  6    Int:  8    God:    Hepliaklqana [......]
Gold:   111        SH:  0    Dex: 11    Spells: 5/5 levels left

rFire   . . .      SeeInvis .   a - +0 flail
rCold   . . .      Faith    .   (no shield)
rNeg    + . .      Spirit   .   b - +0 plate armour
rPois   ∞          Reflect  .   c - +0 helmet
rElec   +          Harm     .   (no cloak)
rCorr   .          Rampage  .   h - +0 pair of gloves
Will    .....                   (no boots)
Stlth   ..........              (no amulet)
HPRegen 0.12/turn               (no ring)
MPRegen 0.10/turn               (no ring)

@: no status effects
A: sickness immunity, AC +4, negative energy resistance 1, electricity
resistance, torment resistance 1, petrification resistance
a: Renounce Religion


You were on level 4 of the Dungeon.
You worshipped Hepliaklqana.
Hepliaklqana was noncommittal.
You visited 2 branches of the dungeon, and saw 5 of its levels.

You collected 111 gold pieces.

Inventory:

Hand Weapons
 a - a +0 flail (weapon)
Missiles
 d - 3 throwing nets (quivered)
Armour
 b - a +0 plate armour (worn)
 c - a +0 helmet (worn)
 h - a +0 pair of gloves (worn)
Jewellery
 g - a ring of flight
Wands
 f - a wand of iceblast (11)
Scrolls
 e - 3 scrolls of enchant armour {unknown}
 j - a scroll of immolation {unknown}
 k - a scroll of teleportation {unknown}
Potions
 i - a potion of flight {unknown}
 l - 2 potions of curing
 m - a potion of haste {unknown}
 n - a potion of heal wounds {unknown}


   Skills:
 + Level 3.4 Fighting
 + Level 5.4 Maces & Flails
 + Level 1.9 Throwing
 + Level 2.5 Armour
 + Level 3.4 Dodging
 + Level 0.5 Stealth


You had 5 spell levels left.
You didn't know any spells.
Your spell library contained the following spells:

 Spells                   Type           Power      Damage    Failure   Level
 Wereblood                Tmut           0%         N/A       100%        2
 Summon Hydra             Summ           0%         N/A       100%        7
 Sublimation of Blood     Necr           Unusable   N/A       N/A         2

Dungeon Overview and Level Annotations

Branches:
Dungeon (4/15)             Temple (1/1) D:4

Altars:
Ashenzari
Gozag
Hepliaklqana
Nemelex Xobeh
Qazlal
Ru
Sif Muna
Trog
Vehumet
Wu Jian
Yredelemnul

Shops:
D:2 [


Innate Abilities, Weirdness & Mutations

You are immune to sickness and miasma.
Your stone body is resilient. (AC +4)
You are immune to poison.
You resist negative energy. (rN+)
You are resistant to electric shocks. (rElec)
You are resistant to unholy torment.
You are immune to petrification.


Message History

i - a smoky white potion
j - a scroll labelled METETT WAOTRUAPP No target in view!
You now have 111 gold pieces (gained 17).
k - a scroll labelled JOHITZ BYNUO An ogre comes into view.
It is wielding a +0 giant club.
The ogre shouts!
The ogre hits you with a +0 giant club.
You hit the ogre.
The ogre is lightly wounded.
The ogre hits you but does no damage.
You hit the ogre.
The ogre is lightly wounded.
The ogre hits you with a +0 giant club!
You barely miss the ogre.
The ogre is lightly wounded.
The ogre barely misses you.
You closely miss the ogre.
The ogre is lightly wounded.
You sock the ogre!
The ogre is heavily wounded.
The ogre hits you with a +0 giant club!
You are too injured to fight recklessly!
You barely miss the ogre.
The ogre is heavily wounded.
The ogre barely misses you.
A dart slug comes into view.
You hit the ogre.
The ogre is severely wounded.
The ogre hits you with a +0 giant club!
* * * LOW HITPOINT WARNING * * *
You hit the ogre.
The ogre is almost dead.
The ogre hits you with a +0 giant club.
* * * LOW HITPOINT WARNING * * *
You sock the ogre!
You kill the ogre!
The dart slug launches a dart at you. The slug dart hits you.
You die...

##### .....# #...# .....# #...#
.....+ #+# #...# .....#
.....#####...#####.....#
.....w)@.........#.....#
....[............#.....# #
....#..................# #. # ...
##.######+###......# #..##### #
#.. #.# #......#
#......#########.#####.###......#
.................................
##.# #.# ######..####.##.#######
##.###.##########.# #.##.#


You could see a dart slug.

Vanquished Creatures
  An ogre (D:4)
  A bullfrog (D:3)
  2 orc priests
  Jessica (D:3)
  2 orc wizards
  3 gnolls (D:3)
  5 adders
  2 worms
  4 dart slugs
  12 orcs
  10 ball pythons
  6 endoplasms
  2 giant cockroaches
  5 hobgoblins
  6 jackals (D:3)
  9 kobolds
  A quokka (D:1)
  6 bats
  4 frilled lizards
  9 goblins
  2 rats (D:1)
93 creatures vanquished.

Vanquished Creatures (others)
  3 demonic plants (D:1)
3 creatures vanquished.

Grand Total: 96 creatures vanquished

Notes
Turn   | Place    | Note
-------+----------+-------------------------------------------
     0 | D:1      | being54 the Gargoyle Gladiator began the quest for the Orb.
     0 | D:1      | Reached XP level 1. HP: 12/12 MP: 1/1
    52 | D:1      | Reached XP level 2. HP: 12/17 MP: 2/2
   332 | D:1      | Found a faded altar of an unknown god.
   937 | D:1      | Reached XP level 3. HP: 22/22 MP: 3/3
  1209 | D:2      | Reached skill level 4 in Maces & Flails
  1224 | D:2      | Found Oqoorank's Antique Armour Shop.
  1406 | D:2      | Reached skill level 1 in Armour
  1406 | D:2      | Reached XP level 4. HP: 23/27 MP: 4/4
  2305 | D:3      | Noticed a bullfrog
  2315 | D:3      | Reached XP level 5. HP: 26/31 MP: 5/5
  2341 | D:3      | Reached skill level 5 in Maces & Flails
  2612 | D:3      | Noticed Jessica
  2617 | D:3      | Killed Jessica
  2618 | D:3      | Reached XP level 6. HP: 29/37 MP: 6/6
  4290 | D:4      | Found a broken altar of Ashenzari.
  4336 | D:4      | Found a staircase to the Ecumenical Temple.
  4357 | Temple   | Entered the Ecumenical Temple
  4392 | Temple   | Became a worshipper of Hepliaklqana the Forgotten
  4625 | D:4      | Killed from afar by a dart slug

Illustrated notes

Levels and vault maps discovered:
D:1:      dpeg_arrival_rooms_with_view, layout_loops_cross,
          shapermc_ecumenical_altar_gd
D:2:      layout_basic, serial_shops, shop
D:3:      layout_rooms, minivault_24, uniq_jessica
D:4:      black_bear_nest_1, layout_basic, mainiacjoe_overflow_cross_hatched,
          minmay_temple_entry_overgrown
Temple:   eino_wide_crystal_templ

Skill      XL: |  1  2  3  4  5 |
---------------+----------------+-----
Maces & Flails | 4 5 |  5.4
Armour         | 1 2 |  2.5
Fighting       | 3 |  3.4
Dodging        | 3 |  3.4
Throwing       | |  1.9
Stealth        | |  0.5

Action                   |  1- 3 |  4- 6 || total
-------------------------+-------+-------++-------
Melee: Flail             |    59 |   233 ||   292
  Use: Scroll            |       |     8 ||     8
Armor: Leather armour    |    18 |    90 ||   108
       Scale mail        |       |     3 ||     3
       Plate armour      |       |     2 ||     2
Dodge: Dodged            |    30 |   162 ||   192

Table legend: (Time is in decaauts)
 A = Elapsed time spent in this place.
 B = Non-inter-level travel time spent in this place.
 C = Inter-level travel time spent in this place.
 D = Time resting spent in this place.
 E = Time spent auto-exploring this place.
 F = Levels seen in this place.
 G = Mean time per level.
                   A        B        C        D        E       F      G
               +--------+--------+--------+--------+--------+-----+--------+
         Total |   4672 |   4548 |    124 |   1543 |   2340 |   5 |  934.4 |
       Dungeon |   4616 |   4504 |    112 |   1543 |   2304 |   4 | 1154.0 |
        Temple |     55 |     44 |     11 |      0 |     36 |   1 |   55.0 |
               +--------+--------+--------+--------+--------+-----+--------+

Top non-repeatable levels by time:
     D:3: 1578 daAuts
     D:2: 1213 daAuts
     D:1: 1104 daAuts
     D:4: 720 daAuts
  Temple: 55 daAuts
